 Dungeon Crawl Stone Soup version 0.29.1-1-gd02db6906a (webtiles) character file.

Game seed: 18241829360632350463

3 MisterFreud the Ducker (level 1, 0/10 HPs)
             Began as a Felid Berserker on Oct 9, 2022.
             Was a Follower of Trog.
             Slain by a ball python (2 damage)
             ... on level 1 of the Dungeon.
             The game lasted 00:00:17 (491 turns).

MisterFreud the Ducker (Felid Berserker)             Turns: 491, Time: 00:00:18

Health: 0/10       AC:  1    Str: 13    XL:     1   Next: 41%
Magic:  2/2        EV: 15    Int:  8    God:    Trog [*.....]
Gold:   31         SH:  0    Dex: 15    Spells: 0/0 levels left
                                        Lives:  0   Deaths: 0

rFire   . . .      SeeInvis +     - Unarmed
rCold   . . .      Faith    .   (shield unavailable)
rNeg    . . .      Spirit   .   (body armour unavailable)
rPois   .          Reflect  .   (helmet unavailable)
rElec   .          Harm     .   (cloak unavailable)
rCorr   .          Rampage  .   (gloves unavailable)
Will    .....                   (boots unavailable)
Stlth   ++........              (no amulet)
HPRegen 0.03/turn               (no ring)
MPRegen 0.08/turn               (no ring)

@: constricted, quick
A: very small, claws 1, fangs 3, see invisible, speed 1, shaggy fur 1, stealthy
paws, no weapons or thrown items, no armour, multi-lived
a: Renounce Religion, Berserk


You were on level 1 of the Dungeon.
You worshipped Trog.
Trog was aware of your devotion.
You visited 1 branch of the dungeon, and saw 1 of its levels.

You collected 31 gold pieces.

You aren't carrying anything.


   Skills:
 - Level 3.0 Fighting
 - Level 4.0 Dodging
 + Level 1.0 Stealth
 + Level 3.1 Unarmed Combat


You couldn't memorise any spells.
You didn't know any spells.
Your spell library was empty.

Dungeon Overview and Level Annotations

Branches:
Dungeon (1/15)

Altars:


Innate Abilities, Weirdness & Mutations

You have sharp claws.
You have razor-sharp teeth.
You have supernaturally acute eyesight. (SInv)
You cover ground quickly. (Speed+)
You are covered in fur. (AC +1)
Your paws help you pounce on unaware monsters.
You are incapable of wielding weapons or throwing items.
You cannot wear armour.
You gain extra lives every three experience levels.


Message History

You claw the goblin!
You kill the goblin!
Trog accepts your kill.
You start resting.
HP restored.
Found a leather armour.
A rat comes into view.
A rat is nearby!
A rat is nearby!
A ball python comes into view.
The ball python hisses angrily.
You scratch the rat.
You kill the rat!
Trog accepts your kill. The ball python bites you.
The ball python closely misses you.
You see here a rat corpse.
A ball python is nearby!
You scratch the ball python.
You kill the ball python!
Trog accepts your kill.
Your Stealth skill increases to level 1!
You see here a ball python corpse.
There is a shaft here.
As you open the door, it creaks loudly!
You hear an angry hiss.
A ball python comes into view.
A ball python is nearby!
A bat comes into view.
The bat moves out of view.
A ball python is nearby!
A ball python is nearby!
The ball python bites you. The ball python grabs you.
The ball python constricts you. The bat hits you but does no damage.
There are monsters nearby!
You scratch the ball python but do no damage.
The bat misses you. The ball python bites you.
* * * LOW HITPOINT WARNING * * *
The ball python constricts you.
* * * LOW HITPOINT WARNING * * *
The ball python bites you.
You die...

... #... ... #... #.#
#... #.# ###... #.#
#.....
#####'#######.....
#...........#...†.
#...........#...†#
###@..........#....#
......S...........#....#
.......####.#######....#
......b #.#######.....
....... #......^......
....... #.............
....... #.............
....... #..........##.
#..........##.


You could see a bat and a ball python.

Vanquished Creatures
  A ball python (D:1)
  A goblin (D:1)
  A rat (D:1)
3 creatures vanquished.

Notes
Turn   | Place    | Note
-------+----------+-------------------------------------------
     0 | D:1      | MisterFreud the Felid Berserker began the quest for the
                  | Orb.
     0 | D:1      | Reached XP level 1. HP: 10/10 MP: 2/2
   432 | D:1      | Reached skill level 1 in Stealth
   491 | D:1      | Slain by a ball python

Illustrated notes

Levels and vault maps discovered:
D:1:      dpeg_arrival_rooms_c, layout_basic,
          dreamdust_ecumenical_altar_angels_and_demons,
          nicolae_figureground_pulse

Skill      XL: |  1 |
---------------+----+-----
Stealth        | 1 |  1.0
Fighting       | |  3.0
Dodging        | |  4.0
Unarmed Combat | |  3.1

Action                   || total
-------------------------++-------
Melee: Unarmed           ||     7
Armor: Skin              ||     1
Dodge: Dodged            ||     2
